Panthers vs Senateurs
Created - November 24, 2018 at 19:47
Goals
|
| Panthers |
0 |
1 |
0 |
1 |
| Senateurs |
0 |
2 |
1 |
3 |
|
Shots
|
| Panthers |
18 |
10 |
8 |
36 |
| Senateurs |
3 |
8 |
9 |
20 |
|
1st period
No Goal
Penalties :
Jonathan Sigalet (Flo) for Tripping (Minor) at 1:37, Thomas Vanek (Ott) for Boarding (Minor) at 8:23
2nd period
1. Panthers , Tomas Kopecky 8 (Erik Gudbranson 11, Matthew Spiller 7) at 0:37
2. Senateurs , Daniel Briere 7 (Marian Hossa 7) at 4:04
3. Senateurs , Karl Alzner 2 (Daniel Briere 16, Dan Hamhuis 9) at 8:32 (PP)
Penalties :
Tomas Kopecky (Flo) for Hooking (Minor) at 4:11, Alexander Perezhogin (Flo) for Hooking (Minor) at 7:54, Daniel Sedin (Flo) for Hooking (Minor) at 12:45, Radko Gudas (Flo) for Close Hand On Puck (Minor) at 15:41, Colby Armstrong (Ott) for Hooking (Minor) at 19:32, Erik Gudbranson (Flo) for Hooking (Minor) at 19:37
3rd period
4. Senateurs , Radim Vrbata 4 (Sergei Kostitsyn 5, Vladimir Mihalik 3) at 5:06
Penalties :
Karl Alzner (Ott) for Holding (Minor) at 0:29, Jonathan Sigalet (Flo) for Hooking (Minor) at 9:11, Radko Gudas (Flo) for Hooking (Minor) at 10:03, Brooks Orpik (Ott) for Tripping (Minor) at 12:18, Daniel Sedin (Flo) for Roughing (Minor) at 16:38
Goalie Stats
Antti Niemi (Flo), 17 saves from 20 shots - (0.850), L, 4-6-4, 60:00 minutes
Jeff Deslauriers (Ott), 35 saves from 36 shots - (0.972), W, 1-1-0, 60:00 minutes
Players Stats for Panthers
Player Name G A P +/- PIM S H SB GA TA FO MP PP MP PK MP
------------------------------------------------------------------------------------
Alex Galchenyuk 0 0 0 0 0 0 1 0 1 0 0/0 14:42 2:24 1:41
Alexander Perezhogin 0 0 0 0 2 1 1 0 0 1 0/0 10:00 0:07 2:21
Brayden Schenn 0 0 0 -1 0 3 2 1 0 0 17/32 17:33 2:24 0:09
Daniel Sedin 0 0 0 0 4 0 1 0 0 0 0/0 7:18 0:07 0:00
Drew Stafford 0 0 0 0 0 0 0 2 0 1 0/0 19:10 2:24 6:33
Eric Wellwood 0 0 0 0 0 1 1 0 0 0 0/0 9:16 0:07 0:00
Erik Christensen 0 0 0 0 0 3 1 0 0 0 7/17 19:51 2:24 6:40
Erik Gudbranson 0 1 1 -1 2 6 0 1 0 1 0/0 27:24 2:49 6:56
Jean-Gabriel Pageau 0 0 0 0 0 5 3 0 0 0 4/8 13:18 0:00 4:05
Jonathan Matsumoto 0 0 0 0 0 0 0 0 0 0 2/2 6:27 0:00 0:00
Jonathan Sigalet 0 0 0 0 4 1 0 0 0 0 0/0 20:23 2:06 4:34
Kyle Clifford 0 0 0 -1 0 6 3 1 2 0 0/0 20:56 2:24 4:05
Matthew Spiller 0 1 1 -1 0 3 3 2 0 1 0/0 29:13 2:49 6:59
Mike Komisarek 0 0 0 0 0 1 1 0 0 0 0/0 20:23 2:06 6:38
Mike Weber 0 0 0 0 0 0 0 0 0 1 0/0 10:54 0:00 0:38
Patrick Eaves 0 0 0 0 0 1 1 0 0 0 0/0 9:09 0:00 0:00
Radko Gudas 0 0 0 0 4 1 0 1 0 1 0/0 11:58 0:00 1:09
Tomas Kopecky 1 0 1 -1 2 4 2 0 1 1 0/0 15:26 2:23 0:00
Players Stats for Senateurs
Player Name G A P +/- PIM S H SB GA TA FO MP PP MP PK MP
------------------------------------------------------------------------------------
Brandon Dubinsky 0 0 0 0 0 2 0 1 1 0 0/0 9:18 0:00 1:41
Brenden Morrow 0 0 0 1 0 0 1 0 1 2 3/3 17:03 6:02 1:05
Brooks Orpik 0 0 0 1 2 0 0 0 0 0 0/0 13:22 0:00 1:05
Carlo Colaiacovo 0 0 0 0 0 0 0 1 0 0 0/0 20:16 4:54 3:00
Chris Kunitz 0 0 0 0 0 1 0 0 1 0 0/0 7:42 0:00 0:25
Cody Franson 0 0 0 0 0 0 2 0 0 0 0/0 20:16 4:54 3:00
Cody Hodgson 0 0 0 0 0 0 0 0 0 0 3/6 10:51 0:10 0:00
Colby Armstrong 0 0 0 0 2 0 2 1 0 0 0/0 17:55 6:02 0:00
Dan Hamhuis 0 1 1 0 0 1 1 1 1 1 0/0 28:04 8:30 2:57
Daniel Briere 1 1 2 1 0 4 1 0 1 0 3/6 17:05 6:02 1:21
Evgeni Malkin 0 0 0 0 0 2 1 0 0 0 20/43 23:17 7:12 3:15
Karl Alzner 1 0 1 0 2 2 4 1 0 1 0/0 26:33 8:30 1:52
Marc-André Bernier 0 0 0 0 0 1 1 0 0 0 0/0 8:15 0:10 0:00
Marian Hossa 0 1 1 1 0 0 1 0 0 0 0/0 17:53 7:12 1:06
Radim Vrbata 1 0 1 0 0 2 3 0 0 0 0/0 10:51 0:10 0:00
Sergei Kostitsyn 0 1 1 0 0 2 0 0 1 0 0/0 9:32 0:00 0:00
Thomas Vanek 0 0 0 0 2 3 1 0 1 0 0/1 22:07 7:12 1:59
Vladimir Mihalik 0 1 1 1 0 0 3 0 0 0 0/0 11:40 0:00 0:00
3 Stars
1 - Jeff Deslauriers (Ott)
2 - Daniel Briere (Ott)
3 - Radim Vrbata (Ott)
Power Play
Panthers - 0 on 4 Attempt(s) - 0.00%
Senateurs - 1 on 9 Attempt(s) - 11.11%
Penalty Kill
Panthers - 8 on 9 Attempt(s) - 88.89%
- Score 0 goal in Penalty Kill
Senateurs - 4 on 4 Attempt(s) - 100.00%
- Score 0 goal in Penalty Kill
Team Stat
Panthers - Hits : 20 - Faceoff Wins : 30 - Blocked Shots : 8 - Penalty Minutes : 18
Senateurs - Hits : 21 - Faceoff Wins : 29 - Blocked Shots : 5 - Penalty Minutes : 8
Official
Referees : Unknown
Linesman : Unknown
Game Notes
No Game Note
Finance
Level 1 -- Attendance: 6000 (100.00%) -- Ticket Income $498,000
Level 2 -- Attendance: 4869 (97.38%) -- Ticket Income $258,057
Level 3 -- Attendance: 2000 (100.00%) -- Ticket Income $66,000
Level 4 -- Attendance: 4000 (100.00%) -- Ticket Income $92,000
Luxury Box -- Attendance: 1000 (100.00%) -- Ticket Income $155,000
Game was played at the Place Banque Scotia.
Total Attendance: 17869 (99.27%)
Total Ticket Income: $1,069,057
Other Income: $160,359
Total Income: $1,229,416
Panthers
5 vs 5 Forward
Center Left Wing Right Wing Time % Phy DF OF
1 Brayden Schenn Kyle Clifford Tomas Kopecky 40 1 2 2
2 Erik Christensen Alex Galchenyuk Drew Stafford 30 1 2 2
3 Jean-Gabriel Pageau Eric Wellwood Patrick Eaves 20 1 2 2
4 Jonathan Matsumoto Daniel Sedin Alexander Perezhogin 10 1 2 2
5 vs 5 Defense
Defense Defense Time % Phy DF OF
1 Erik Gudbranson Matthew Spiller 40 1 2 2
2 Jonathan Sigalet Mike Komisarek 30 1 2 2
3 Mike Weber Radko Gudas 20 1 2 2
4 Erik Gudbranson Matthew Spiller 10 1 2 2
PowerPlay Forward
Center Left Wing Right Wing Time % Phy DF OF
1 Brayden Schenn Kyle Clifford Tomas Kopecky 60 1 2 2
2 Erik Christensen Alex Galchenyuk Drew Stafford 40 1 2 2
PowerPlay Defense
Defense Defense Time % Phy DF OF
1 Erik Gudbranson Matthew Spiller 60 1 2 2
2 Jonathan Sigalet Mike Komisarek 40 1 2 2
Penalty Kill 4 Players Forward
Center Wing Time % Phy DF OF
1 Erik Christensen Drew Stafford 60 1 2 2
2 Jean-Gabriel Pageau Kyle Clifford 40 1 2 2
Penalty Kill 4 Players Defense
Defense Defense Time % Phy DF OF
1 Erik Gudbranson Matthew Spiller 60 1 2 2
2 Jonathan Sigalet Mike Komisarek 40 1 2 2
Penalty Kill - 3 Players Forward
Forward Time % Phy DF OF
1 Erik Christensen 60 1 2 2
2 Drew Stafford 40 1 2 2
Penalty Kill - 3 Players Defense
Defense Defense Time % Phy DF OF
1 Erik Gudbranson Matthew Spiller 60 1 2 2
2 Jonathan Sigalet Mike Komisarek 40 1 2 2
4 vs 4 Forward
Center Wing Time % Phy DF OF
1 Brayden Schenn Kyle Clifford 60 1 2 2
2 Erik Christensen Alex Galchenyuk 40 1 2 2
4 vs 4 Defense
Defense Defense Time % Phy DF OF
1 Erik Gudbranson Matthew Spiller 60 1 2 2
2 Jonathan Sigalet Mike Komisarek 40 1 2 2
Last Minutes Offensive
Center Left Wing Right Wing Defense Defense
Brayden Schenn Kyle Clifford Drew Stafford Erik Gudbranson Jonathan Sigalet
Last Minutes Defensive
Center Left Wing Right Wing Defense Defense
Brayden Schenn Kyle Clifford Drew Stafford Erik Gudbranson Jonathan Sigalet
Goaltenders
Starting : Antti Niemi
Backup : Petr Mrazek
Extra Forwards
Normal : Jean-Gabriel Pageau, Brayden Schenn, Alex Galchenyuk - PP : Eric Wellwood, Kyle Clifford - PK : Alexander Perezhogin
Extra Defensemen
Normal : Jonathan Sigalet, Erik Gudbranson, Radko Gudas - PP : Mike Weber - PK : Jonathan Sigalet, Erik Gudbranson
Penalty Shots
Alex Galchenyuk, Daniel Sedin, Drew Stafford, Erik Christensen, Kyle Clifford
Scratches
Nigel Dawes (Healthy), William Colbert (Healthy)
Senateurs
5 vs 5 Forward
Center Left Wing Right Wing Time % Phy DF OF
1 Evgeni Malkin Thomas Vanek Colby Armstrong 40 1 2 2
2 Daniel Briere Brenden Morrow Marian Hossa 30 1 2 2
3 Cody Hodgson Sergei Kostitsyn Radim Vrbata 20 1 2 2
4 Brandon Dubinsky Chris Kunitz Marc-André Bernier 10 1 2 2
5 vs 5 Defense
Defense Defense Time % Phy DF OF
1 Dan Hamhuis Karl Alzner 40 1 2 2
2 Cody Franson Carlo Colaiacovo 30 1 2 2
3 Vladimir Mihalik Brooks Orpik 20 1 2 2
4 Dan Hamhuis Karl Alzner 10 1 2 2
PowerPlay Forward
Center Left Wing Right Wing Time % Phy DF OF
1 Evgeni Malkin Thomas Vanek Marian Hossa 60 1 2 2
2 Daniel Briere Brenden Morrow Colby Armstrong 40 1 2 2
PowerPlay Defense
Defense Defense Time % Phy DF OF
1 Dan Hamhuis Karl Alzner 60 1 2 2
2 Cody Franson Carlo Colaiacovo 40 1 2 2
Penalty Kill 4 Players Forward
Center Wing Time % Phy DF OF
1 Evgeni Malkin Thomas Vanek 60 1 2 2
2 Daniel Briere Marian Hossa 40 1 2 2
Penalty Kill 4 Players Defense
Defense Defense Time % Phy DF OF
1 Dan Hamhuis Karl Alzner 60 1 2 2
2 Cody Franson Carlo Colaiacovo 40 1 2 2
Penalty Kill - 3 Players Forward
Forward Time % Phy DF OF
1 Evgeni Malkin 60 1 2 2
2 Thomas Vanek 40 1 2 2
Penalty Kill - 3 Players Defense
Defense Defense Time % Phy DF OF
1 Dan Hamhuis Karl Alzner 60 1 2 2
2 Cody Franson Carlo Colaiacovo 40 1 2 2
4 vs 4 Forward
Center Wing Time % Phy DF OF
1 Evgeni Malkin Thomas Vanek 60 1 2 2
2 Daniel Briere Marian Hossa 40 1 2 2
4 vs 4 Defense
Defense Defense Time % Phy DF OF
1 Dan Hamhuis Karl Alzner 60 1 2 2
2 Cody Franson Carlo Colaiacovo 40 1 2 2
Last Minutes Offensive
Center Left Wing Right Wing Defense Defense
Evgeni Malkin Thomas Vanek Marian Hossa Dan Hamhuis Karl Alzner
Last Minutes Defensive
Center Left Wing Right Wing Defense Defense
Evgeni Malkin Thomas Vanek Marian Hossa Dan Hamhuis Karl Alzner
Goaltenders
Starting : Jeff Deslauriers
Backup : Ondrej Pavelec
Extra Forwards
Normal : Cody Hodgson, Radim Vrbata, Brandon Dubinsky - PP : Cody Hodgson, Radim Vrbata - PK : Brandon Dubinsky
Extra Defensemen
Normal : Vladimir Mihalik, Brooks Orpik, Cody Franson - PP : Vladimir Mihalik - PK : Brooks Orpik, Cody Franson
Penalty Shots
Evgeni Malkin, Thomas Vanek, Daniel Briere, Marian Hossa, Brenden Morrow
Scratches
None
% Time on Ice - Panthers
Lines # - Real PCT - Wanted PCT - Time Play
Normal Forward
1 - 35% - 40% - 14:02
2 - 26% - 30% - 10:22
3 - 22% - 20% - 8:51
4 - 16% - 10% - 6:27
Normal Defense
1 - 42% - 40% - 16:43
2 - 31% - 30% - 12:07
3 - 26% - 20% - 10:16
4 - 2% - 10% - 0:36
PP Forward
1 - 51% - 60% - 2:31
2 - 49% - 40% - 2:24
PP Defense
1 - 57% - 60% - 2:49
2 - 43% - 40% - 2:06
PK Forward
1 - 67% - 60% - 8:12
2 - 33% - 40% - 4:05
PK Defense
1 - 52% - 60% - 6:25
2 - 48% - 40% - 5:52
PK3 Forward
1 - 70% - 60% - 0:47
2 - 30% - 40% - 0:20
PK3 Defense
1 - 9% - 60% - 0:06
2 - 91% - 40% - 1:01
44 Forward
1 - 82% - 60% - 1:38
2 - 18% - 40% - 0:21
44 Defense
1 - 92% - 60% - 1:49
2 - 8% - 40% - 0:10
Last Minute Offensive - 0:00
Last Minute Defensive - 0:00
Total
Forward - 60:00
Defense - 60:00
|
% Time on Ice - Senateurs
Lines # - Real PCT - Wanted PCT - Time Play
Normal Forward
1 - 34% - 40% - 13:28
2 - 24% - 30% - 9:42
3 - 24% - 20% - 9:32
4 - 18% - 10% - 7:00
Normal Defense
1 - 37% - 40% - 14:39
2 - 31% - 30% - 12:22
3 - 29% - 20% - 11:40
4 - 3% - 10% - 1:01
PP Forward
1 - 55% - 60% - 7:22
2 - 45% - 40% - 6:02
PP Defense
1 - 63% - 60% - 8:30
2 - 37% - 40% - 4:54
PK Forward
1 - 78% - 60% - 3:49
2 - 22% - 40% - 1:06
PK Defense
1 - 45% - 60% - 2:12
2 - 55% - 40% - 2:43
PK3 Forward
1 - 95% - 60% - 0:59
2 - 5% - 40% - 0:03
PK3 Defense
1 - 73% - 60% - 0:45
2 - 27% - 40% - 0:17
44 Forward
1 - 100% - 60% - 0:57
2 - 0% - 40% - 0:00
44 Defense
1 - 100% - 60% - 0:57
2 - 0% - 40% - 0:00
Last Minute Offensive - 0:00
Last Minute Defensive - 0:00
Total
Forward - 60:00
Defense - 60:00
|
Play by Play
1st period
0:01 of 1st period - Evgeni Malkin wins face-off versus Brayden Schenn in neutral zone.
0:04 of 1st period - Wrist shot by Thomas Vanek.
0:04 of 1st period - Deflect By Colby Armstrong.
0:04 of 1st period - Shot Blocked by Erik Gudbranson.
0:04 of 1st period - Puck is out of play.
0:05 of 1st period - Brayden Schenn wins face-off versus Evgeni Malkin in Panthers zone.
0:35 of 1st period - Wrist shot by Erik Christensen.
0:35 of 1st period - Stopped by Jeff Deslauriers with a rebound.
0:39 of 1st period - Wrist shot by Erik Christensen.
0:39 of 1st period - Stopped by Jeff Deslauriers with a rebound.
0:41 of 1st period - Slapshot by Erik Gudbranson.
0:41 of 1st period - Shot Misses the Net.
1:37 of 1st period - Minor Penalty to Jonathan Sigalet for Tripping.
1:38 of 1st period - Evgeni Malkin wins face-off versus Erik Christensen in Panthers zone.
2:03 of 1st period - Karl Alzner is hit by Jean-Gabriel Pageau.
3:37 of 1st period - Penalty to Jonathan Sigalet is over, Jonathan Sigalet is back on ice.
3:52 of 1st period - Snap shot by Kyle Clifford.
3:52 of 1st period - Shot Misses the Net.
4:04 of 1st period - Mike Komisarek is hit by Vladimir Mihalik and loses puck.
5:06 of 1st period - Marian Hossa is hit by Alex Galchenyuk and loses puck.
5:21 of 1st period - Matthew Spiller is hit by Vladimir Mihalik and loses puck.
5:32 of 1st period - Matthew Spiller is hit by Cody Franson and loses puck.
5:56 of 1st period - Dan Hamhuis is hit by Matthew Spiller and loses puck.
6:22 of 1st period - Slapshot by Daniel Briere.
6:22 of 1st period - Stopped by Antti Niemi without a rebound.
6:23 of 1st period - Brenden Morrow wins face-off versus Jean-Gabriel Pageau in Panthers zone.
6:30 of 1st period - Wrist shot by Jean-Gabriel Pageau.
6:30 of 1st period - Stopped by Jeff Deslauriers with a rebound.
7:47 of 1st period - Off-side.
7:48 of 1st period - Brayden Schenn wins face-off versus Daniel Briere in neutral zone.
7:59 of 1st period - Snap shot by Daniel Briere.
7:59 of 1st period - Shot Misses the Net.
8:23 of 1st period - Minor Penalty to Thomas Vanek for Boarding.
8:24 of 1st period - Evgeni Malkin wins face-off versus Brayden Schenn in Senateurs zone.
8:34 of 1st period - Wrist shot by Matthew Spiller.
8:34 of 1st period - Shot Blocked by Dan Hamhuis.
8:36 of 1st period - Slapshot by Erik Gudbranson.
8:36 of 1st period - Stopped by Jeff Deslauriers with a rebound.
8:38 of 1st period - Wrist shot by Tomas Kopecky.
8:38 of 1st period - Shot Misses the Net.
8:50 of 1st period - Drew Stafford is hit by Evgeni Malkin and loses puck.
10:23 of 1st period - Penalty to Thomas Vanek is over, Thomas Vanek is back on ice.
11:03 of 1st period - Wrist shot by Alexander Perezhogin.
11:03 of 1st period - Stopped by Jeff Deslauriers without a rebound.
11:04 of 1st period - Jean-Gabriel Pageau wins face-off versus Cody Hodgson in Senateurs zone.
11:05 of 1st period - Wrist shot by Patrick Eaves.
11:05 of 1st period - Shot Misses the Net.
11:54 of 1st period - Snap shot by Kyle Clifford.
11:54 of 1st period - Shot Misses the Net.
11:56 of 1st period - Slapshot by Radko Gudas.
11:56 of 1st period - Stopped by Jeff Deslauriers with a rebound.
12:35 of 1st period - Slapshot by Erik Gudbranson.
12:35 of 1st period - Shot Misses the Net.
12:55 of 1st period - Wrist shot by Daniel Briere.
12:55 of 1st period - Shot Blocked by Matthew Spiller.
13:10 of 1st period - Snap shot by Tomas Kopecky.
13:10 of 1st period - Stopped by Jeff Deslauriers without a rebound.
13:11 of 1st period - Evgeni Malkin wins face-off versus Brayden Schenn in Senateurs zone.
13:32 of 1st period - Snap shot by Kyle Clifford.
13:32 of 1st period - Shot Misses the Net.
13:34 of 1st period - Wrist shot by Kyle Clifford.
13:34 of 1st period - Stopped by Jeff Deslauriers without a rebound.
13:35 of 1st period - Daniel Briere wins face-off versus Erik Christensen in Senateurs zone.
14:00 of 1st period - Karl Alzner is hit by Brayden Schenn and loses puck.
14:11 of 1st period - Tomas Kopecky is hit by Radim Vrbata and loses puck.
14:22 of 1st period - Snap shot by Jean-Gabriel Pageau.
14:22 of 1st period - Stopped by Jeff Deslauriers without a rebound.
14:23 of 1st period - Evgeni Malkin wins face-off versus Jean-Gabriel Pageau in Senateurs zone.
14:56 of 1st period - Wrist shot by Brenden Morrow.
14:56 of 1st period - Shot Blocked by Drew Stafford.
14:58 of 1st period - Slapshot by Dan Hamhuis.
14:58 of 1st period - Shot Blocked by Drew Stafford.
15:12 of 1st period - Cody Hodgson is hit by Brayden Schenn and loses puck.
15:19 of 1st period - Snap shot by Brayden Schenn.
15:19 of 1st period - Shot Misses the Net.
15:21 of 1st period - Slapshot by Erik Gudbranson.
15:21 of 1st period - Deflect By Tomas Kopecky.
15:21 of 1st period - Shot Misses the Net.
15:21 of 1st period - Puck is out of play.
15:22 of 1st period - Jean-Gabriel Pageau wins face-off versus Evgeni Malkin in Senateurs zone.
15:31 of 1st period - Slapshot by Erik Gudbranson.
15:31 of 1st period - Stopped by Jeff Deslauriers without a rebound.
15:32 of 1st period - Jean-Gabriel Pageau wins face-off versus Evgeni Malkin in Senateurs zone.
15:33 of 1st period - Snap shot by Eric Wellwood.
15:33 of 1st period - Stopped by Jeff Deslauriers with a rebound.
15:35 of 1st period - Snap shot by Erik Gudbranson.
15:35 of 1st period - Stopped by Jeff Deslauriers without a rebound.
15:36 of 1st period - Evgeni Malkin wins face-off versus Brayden Schenn in Senateurs zone.
16:01 of 1st period - Snap shot by Chris Kunitz.
16:01 of 1st period - Shot Blocked by Brayden Schenn.
16:13 of 1st period - Slapshot by Erik Gudbranson.
16:13 of 1st period - Stopped by Jeff Deslauriers without a rebound.
16:14 of 1st period - Evgeni Malkin wins face-off versus Erik Christensen in Senateurs zone.
16:45 of 1st period - Wrist shot by Patrick Eaves.
16:45 of 1st period - Stopped by Jeff Deslauriers without a rebound.
16:46 of 1st period - Brenden Morrow wins face-off versus Brayden Schenn in Senateurs zone.
16:51 of 1st period - Brenden Morrow is hit by Kyle Clifford and loses puck.
17:05 of 1st period - Icing by Marian Hossa.
17:06 of 1st period - Daniel Briere wins face-off versus Erik Christensen in Senateurs zone.
17:23 of 1st period - Wrist shot by Daniel Briere.
17:23 of 1st period - Stopped by Antti Niemi with a rebound.
17:33 of 1st period - Carlo Colaiacovo is hit by Matthew Spiller and loses puck.
17:38 of 1st period - Snap shot by Tomas Kopecky.
17:38 of 1st period - Deflect By Brayden Schenn.
17:38 of 1st period - Stopped by Jeff Deslauriers without a rebound.
17:39 of 1st period - Brayden Schenn wins face-off versus Evgeni Malkin in Senateurs zone.
17:40 of 1st period - Slapshot by Kyle Clifford.
17:40 of 1st period - Stopped by Jeff Deslauriers with a rebound.
17:42 of 1st period - Wrist shot by Kyle Clifford.
17:42 of 1st period - Stopped by Jeff Deslauriers with a rebound.
17:44 of 1st period - Wrist shot by Mike Komisarek.
17:44 of 1st period - Shot Blocked by Karl Alzner.
17:46 of 1st period - Slapshot by Jonathan Sigalet.
17:46 of 1st period - Stopped by Jeff Deslauriers without a rebound.
17:47 of 1st period - Brayden Schenn wins face-off versus Thomas Vanek in Senateurs zone.
18:12 of 1st period - Snap shot by Evgeni Malkin.
18:12 of 1st period - Stopped by Antti Niemi without a rebound.
18:13 of 1st period - Erik Christensen wins face-off versus Daniel Briere in Panthers zone.
18:25 of 1st period - Off-side.
18:26 of 1st period - Evgeni Malkin wins face-off versus Brayden Schenn in neutral zone.
18:53 of 1st period - Erik Gudbranson is hit by Brenden Morrow and loses puck.
19:20 of 1st period - Radim Vrbata is hit by Jean-Gabriel Pageau and loses puck.
19:37 of 1st period - Slapshot by Eric Wellwood.
19:37 of 1st period - Shot Misses the Net.
19:39 of 1st period - Snap shot by Patrick Eaves.
19:39 of 1st period - Shot Misses the Net.
19:51 of 1st period - Wrist shot by Jean-Gabriel Pageau.
19:51 of 1st period - Shot Misses the Net.
Goals for this period are 0 for Panthers vs 0 for Senateurs.
Shots for this period are 18 for Panthers vs 3 for Senateurs.
2nd period
0:01 of 2nd period - Evgeni Malkin wins face-off versus Brayden Schenn in neutral zone.
0:03 of 2nd period - Off-side.
0:04 of 2nd period - Evgeni Malkin wins face-off versus Brayden Schenn in neutral zone.
0:29 of 2nd period - Wrist shot by Cody Hodgson.
0:29 of 2nd period - Shot Blocked by Kyle Clifford.
0:37 of 2nd period - Snap shot by Tomas Kopecky.
0:37 of 2nd period - Goal by Tomas Kopecky - Panthers : 1 - Senateurs : 0.
0:38 of 2nd period - Evgeni Malkin wins face-off versus Erik Christensen in neutral zone.
0:41 of 2nd period - Alex Galchenyuk is hit by Colby Armstrong and loses puck.
0:48 of 2nd period - Snap shot by Thomas Vanek.
0:48 of 2nd period - Stopped by Antti Niemi with a rebound.
0:50 of 2nd period - Snap shot by Thomas Vanek.
0:50 of 2nd period - Stopped by Antti Niemi with a rebound.
0:52 of 2nd period - Wrist shot by Evgeni Malkin.
0:52 of 2nd period - Shot Misses the Net.
0:54 of 2nd period - Slapshot by Dan Hamhuis.
0:54 of 2nd period - Stopped by Antti Niemi with a rebound.
1:04 of 2nd period - Brenden Morrow is hit by Kyle Clifford and loses puck.
1:25 of 2nd period - Wrist shot by Jean-Gabriel Pageau.
1:25 of 2nd period - Stopped by Jeff Deslauriers with a rebound.
1:58 of 2nd period - Brooks Orpik is hit by Alexander Perezhogin and loses puck.
3:10 of 2nd period - Snap shot by Chris Kunitz.
3:10 of 2nd period - Stopped by Antti Niemi with a rebound.
3:24 of 2nd period - Slapshot by Mike Komisarek.
3:24 of 2nd period - Stopped by Jeff Deslauriers with a rebound.
4:02 of 2nd period - Snap shot by Marian Hossa.
4:02 of 2nd period - Shot Misses the Net.
4:04 of 2nd period - Slapshot by Marian Hossa.
4:04 of 2nd period - Deflect By Daniel Briere.
4:04 of 2nd period - Goal by Daniel Briere - Panthers : 1 - Senateurs : 1.
4:05 of 2nd period - Evgeni Malkin wins face-off versus Brayden Schenn in neutral zone.
4:11 of 2nd period - Minor Penalty to Tomas Kopecky for Hooking.
4:12 of 2nd period - Erik Christensen wins face-off versus Evgeni Malkin in Panthers zone.
6:11 of 2nd period - Penalty to Tomas Kopecky is over, Tomas Kopecky is back on ice.
6:16 of 2nd period - Alexander Perezhogin is hit by Karl Alzner and loses puck.
6:21 of 2nd period - Snap shot by Radim Vrbata.
6:21 of 2nd period - Shot Misses the Net.
6:52 of 2nd period - Icing by Radim Vrbata.
6:53 of 2nd period - Cody Hodgson wins face-off versus Brayden Schenn in Senateurs zone.
7:08 of 2nd period - Slapshot by Tomas Kopecky.
7:08 of 2nd period - Stopped by Jeff Deslauriers with a rebound.
7:54 of 2nd period - Minor Penalty to Alexander Perezhogin for Hooking.
7:55 of 2nd period - Evgeni Malkin wins face-off versus Erik Christensen in Panthers zone.
7:58 of 2nd period - Wrist shot by Evgeni Malkin.
7:58 of 2nd period - Deflect By Marian Hossa.
7:58 of 2nd period - Shot Misses the Net.
7:58 of 2nd period - Puck is out of play.
7:59 of 2nd period - Evgeni Malkin wins face-off versus Erik Christensen in Panthers zone.
8:32 of 2nd period - Slapshot by Karl Alzner.
8:32 of 2nd period - Goal by Karl Alzner - Panthers : 1 - Senateurs : 2.
8:33 of 2nd period - Brayden Schenn wins face-off versus Evgeni Malkin in neutral zone.
8:36 of 2nd period - Slapshot by Erik Gudbranson.
8:36 of 2nd period - Stopped by Jeff Deslauriers without a rebound.
8:37 of 2nd period - Evgeni Malkin wins face-off versus Brayden Schenn in Senateurs zone.
8:46 of 2nd period - Slapshot by Karl Alzner.
8:46 of 2nd period - Shot Hit the Post.
9:05 of 2nd period - Icing by Erik Gudbranson.
9:06 of 2nd period - Erik Christensen wins face-off versus Daniel Briere in Panthers zone.
9:11 of 2nd period - Slapshot by Erik Gudbranson.
9:11 of 2nd period - Shot Blocked by Carlo Colaiacovo.
9:13 of 2nd period - Wrist shot by Erik Christensen.
9:13 of 2nd period - Stopped by Jeff Deslauriers without a rebound.
9:14 of 2nd period - Brayden Schenn wins face-off versus Evgeni Malkin in Senateurs zone.
9:15 of 2nd period - Slapshot by Kyle Clifford.
9:15 of 2nd period - Stopped by Jeff Deslauriers without a rebound.
9:16 of 2nd period - Brayden Schenn wins face-off versus Evgeni Malkin in Senateurs zone.
9:17 of 2nd period - Slapshot by Kyle Clifford.
9:17 of 2nd period - Shot Misses the Net.
9:19 of 2nd period - Slapshot by Erik Gudbranson.
9:19 of 2nd period - Stopped by Jeff Deslauriers with a rebound.
10:00 of 2nd period - Wrist shot by Erik Gudbranson.
10:00 of 2nd period - Shot Blocked by Colby Armstrong.
10:02 of 2nd period - Slapshot by Matthew Spiller.
10:02 of 2nd period - Stopped by Jeff Deslauriers with a rebound.
10:30 of 2nd period - Jonathan Matsumoto is hit by Karl Alzner and loses puck.
10:43 of 2nd period - Sergei Kostitsyn is hit by Kyle Clifford and loses puck.
10:52 of 2nd period - Snap shot by Sergei Kostitsyn.
10:52 of 2nd period - Stopped by Antti Niemi without a rebound.
10:53 of 2nd period - Brenden Morrow wins face-off versus Erik Christensen in Panthers zone.
11:18 of 2nd period - Brooks Orpik is hit by Eric Wellwood and loses puck.
11:31 of 2nd period - Snap shot by Daniel Briere.
11:31 of 2nd period - Shot Misses the Net.
11:47 of 2nd period - Brayden Schenn is hit by Radim Vrbata.
12:25 of 2nd period - Wrist shot by Thomas Vanek.
12:25 of 2nd period - Stopped by Antti Niemi without a rebound.
12:26 of 2nd period - Jonathan Matsumoto wins face-off versus Evgeni Malkin in Panthers zone.
12:45 of 2nd period - Minor Penalty to Daniel Sedin for Hooking.
12:46 of 2nd period - Evgeni Malkin wins face-off versus Erik Christensen in Panthers zone.
14:45 of 2nd period - Penalty to Daniel Sedin is over, Daniel Sedin is back on ice.
14:53 of 2nd period - Snap shot by Radim Vrbata.
14:53 of 2nd period - Shot Misses the Net.
15:13 of 2nd period - Slapshot by Matthew Spiller.
15:13 of 2nd period - Stopped by Jeff Deslauriers with a rebound.
15:15 of 2nd period - Slapshot by Matthew Spiller.
15:15 of 2nd period - Shot Blocked by Brandon Dubinsky.
15:41 of 2nd period - Minor Penalty to Radko Gudas for Close Hand On Puck.
15:42 of 2nd period - Erik Christensen wins face-off versus Evgeni Malkin in Panthers zone.
17:41 of 2nd period - Penalty to Radko Gudas is over, Radko Gudas is back on ice.
17:48 of 2nd period - Brayden Schenn is hit by Radim Vrbata and loses puck.
18:07 of 2nd period - Marc-André Bernier is hit by Patrick Eaves and loses puck.
18:57 of 2nd period - Carlo Colaiacovo is hit by Jean-Gabriel Pageau and loses puck.
19:10 of 2nd period - Jonathan Sigalet is hit by Colby Armstrong and loses puck.
19:32 of 2nd period - Minor Penalty to Colby Armstrong for Hooking.
19:33 of 2nd period - Evgeni Malkin wins face-off versus Brayden Schenn in Senateurs zone.
19:37 of 2nd period - Minor Penalty to Erik Gudbranson for Hooking.
19:38 of 2nd period - Brayden Schenn wins face-off versus Evgeni Malkin in Panthers zone.
19:48 of 2nd period - Off-side.
19:49 of 2nd period - Brayden Schenn wins face-off versus Evgeni Malkin in neutral zone.
19:51 of 2nd period - Off-side.
19:52 of 2nd period - Brayden Schenn wins face-off versus Evgeni Malkin in neutral zone.
Goals for this period are 1 for Panthers vs 2 for Senateurs.
Shots for this period are 10 for Panthers vs 8 for Senateurs.
3rd period
0:01 of 3rd period - Brayden Schenn wins face-off versus Evgeni Malkin in neutral zone.
0:08 of 3rd period - Slapshot by Brayden Schenn.
0:08 of 3rd period - Stopped by Jeff Deslauriers without a rebound.
0:09 of 3rd period - Brayden Schenn wins face-off versus Evgeni Malkin in Senateurs zone.
0:18 of 3rd period - Snap shot by Kyle Clifford.
0:18 of 3rd period - Deflect By Thomas Vanek.
0:18 of 3rd period - Stopped by Jeff Deslauriers with a rebound.
0:24 of 3rd period - Snap shot by Brayden Schenn.
0:24 of 3rd period - Shot Misses the Net.
0:26 of 3rd period - Snap shot by Matthew Spiller.
0:26 of 3rd period - Stopped by Jeff Deslauriers without a rebound.
0:27 of 3rd period - Evgeni Malkin wins face-off versus Brayden Schenn in Senateurs zone.
0:29 of 3rd period - Minor Penalty to Karl Alzner for Holding.
0:30 of 3rd period - Brayden Schenn wins face-off versus Evgeni Malkin in Senateurs zone.
0:36 of 3rd period - Slapshot by Brayden Schenn.
0:36 of 3rd period - Shot Misses the Net.
1:20 of 3rd period - Wrist shot by Brandon Dubinsky.
1:20 of 3rd period - Shot Misses the Net.
1:24 of 3rd period - Wrist shot by Brandon Dubinsky.
1:24 of 3rd period - Stopped by Antti Niemi with a rebound.
1:26 of 3rd period - Wrist shot by Brandon Dubinsky.
1:26 of 3rd period - Stopped by Antti Niemi without a rebound.
1:27 of 3rd period - Evgeni Malkin wins face-off versus Brayden Schenn in Panthers zone.
1:32 of 3rd period - Penalty to Colby Armstrong is over, Colby Armstrong is back on ice.
1:37 of 3rd period - Penalty to Erik Gudbranson is over, Erik Gudbranson is back on ice.
1:50 of 3rd period - Cody Franson is hit by Erik Christensen and loses puck.
2:09 of 3rd period - Mike Komisarek is hit by Cody Franson and loses puck.
2:29 of 3rd period - Penalty to Karl Alzner is over, Karl Alzner is back on ice.
3:31 of 3rd period - Snap shot by Colby Armstrong.
3:31 of 3rd period - Shot Blocked by Radko Gudas.
3:43 of 3rd period - Radko Gudas is hit by Dan Hamhuis and loses puck.
4:10 of 3rd period - Wrist shot by Marc-André Bernier.
4:10 of 3rd period - Stopped by Antti Niemi without a rebound.
4:11 of 3rd period - Jonathan Matsumoto wins face-off versus Evgeni Malkin in Panthers zone.
4:11 of 3rd period - Jonathan Matsumoto is hit by Thomas Vanek.
4:58 of 3rd period - Snap shot by Radim Vrbata.
4:58 of 3rd period - Stopped by Antti Niemi with a rebound.
5:00 of 3rd period - Snap shot by Sergei Kostitsyn.
5:00 of 3rd period - Stopped by Antti Niemi with a rebound.
5:06 of 3rd period - Snap shot by Radim Vrbata.
5:06 of 3rd period - Goal by Radim Vrbata - Panthers : 1 - Senateurs : 3.
5:07 of 3rd period - Brayden Schenn wins face-off versus Evgeni Malkin in neutral zone.
5:11 of 3rd period - Icing by Dan Hamhuis.
5:12 of 3rd period - Evgeni Malkin wins face-off versus Brayden Schenn in Senateurs zone.
6:19 of 3rd period - Drew Stafford is hit by Marc-André Bernier and loses puck.
6:40 of 3rd period - Slapshot by Kyle Clifford.
6:40 of 3rd period - Deflect By Tomas Kopecky.
6:40 of 3rd period - Stopped by Jeff Deslauriers with a rebound.
6:58 of 3rd period - Wrist shot by Evgeni Malkin.
6:58 of 3rd period - Stopped by Antti Niemi with a rebound.
7:00 of 3rd period - Slapshot by Vladimir Mihalik.
7:00 of 3rd period - Shot Blocked by Matthew Spiller.
7:02 of 3rd period - Slapshot by Vladimir Mihalik.
7:02 of 3rd period - Shot Misses the Net.
7:12 of 3rd period - Daniel Sedin is hit by Vladimir Mihalik and loses puck.
7:23 of 3rd period - Snap shot by Jonathan Matsumoto.
7:23 of 3rd period - Shot Misses the Net.
7:39 of 3rd period - Karl Alzner is hit by Tomas Kopecky and loses puck.
8:12 of 3rd period - Colby Armstrong is hit by Daniel Sedin and loses puck.
8:39 of 3rd period - Drew Stafford is hit by Daniel Briere and loses puck.
8:50 of 3rd period - Brooks Orpik is hit by Tomas Kopecky and loses puck.
8:59 of 3rd period - Kyle Clifford is hit by Karl Alzner and loses puck.
9:11 of 3rd period - Minor Penalty to Jonathan Sigalet for Hooking.
9:12 of 3rd period - Erik Christensen wins face-off versus Evgeni Malkin in Panthers zone.
10:03 of 3rd period - Minor Penalty to Radko Gudas for Hooking.
10:04 of 3rd period - Erik Christensen wins face-off versus Evgeni Malkin in Panthers zone.
10:49 of 3rd period - Karl Alzner is hit by Matthew Spiller.
11:11 of 3rd period - Penalty to Jonathan Sigalet is over, Jonathan Sigalet is back on ice.
12:03 of 3rd period - Penalty to Radko Gudas is over, Radko Gudas is back on ice.
12:05 of 3rd period - Off-side.
12:06 of 3rd period - Brayden Schenn wins face-off versus Cody Hodgson in neutral zone.
12:18 of 3rd period - Minor Penalty to Brooks Orpik for Tripping.
12:19 of 3rd period - Brayden Schenn wins face-off versus Evgeni Malkin in Senateurs zone.
12:23 of 3rd period - Snap shot by Tomas Kopecky.
12:23 of 3rd period - Shot Misses the Net.
12:25 of 3rd period - Snap shot by Kyle Clifford.
12:25 of 3rd period - Stopped by Jeff Deslauriers with a rebound.
13:02 of 3rd period - Off-side.
13:03 of 3rd period - Daniel Briere wins face-off versus Erik Christensen in neutral zone.
13:27 of 3rd period - Karl Alzner is hit by Mike Komisarek and loses puck.
14:18 of 3rd period - Penalty to Brooks Orpik is over, Brooks Orpik is back on ice.
14:29 of 3rd period - Off-side.
14:30 of 3rd period - Cody Hodgson wins face-off versus Jean-Gabriel Pageau in neutral zone.
14:44 of 3rd period - Snap shot by Jean-Gabriel Pageau.
14:44 of 3rd period - Stopped by Jeff Deslauriers with a rebound.
14:46 of 3rd period - Slapshot by Jean-Gabriel Pageau.
14:46 of 3rd period - Stopped by Jeff Deslauriers without a rebound.
14:47 of 3rd period - Brayden Schenn wins face-off versus Evgeni Malkin in Senateurs zone.
15:01 of 3rd period - Snap shot by Brayden Schenn.
15:01 of 3rd period - Stopped by Jeff Deslauriers without a rebound.
15:02 of 3rd period - Cody Hodgson wins face-off versus Jean-Gabriel Pageau in Senateurs zone.
15:07 of 3rd period - Slapshot by Karl Alzner.
15:07 of 3rd period - Stopped by Antti Niemi without a rebound.
15:08 of 3rd period - Jean-Gabriel Pageau wins face-off versus Cody Hodgson in Panthers zone.
15:59 of 3rd period - Snap shot by Daniel Briere.
15:59 of 3rd period - Stopped by Antti Niemi with a rebound.
16:05 of 3rd period - Matthew Spiller is hit by Marian Hossa and loses puck.
16:38 of 3rd period - Minor Penalty to Daniel Sedin for Roughing.
16:39 of 3rd period - Erik Christensen wins face-off versus Evgeni Malkin in Panthers zone.
16:39 of 3rd period - Erik Christensen is hit by Karl Alzner.
18:38 of 3rd period - Penalty to Daniel Sedin is over, Daniel Sedin is back on ice.
Goals for this period are 0 for Panthers vs 1 for Senateurs.
Shots for this period are 8 for Panthers vs 9 for Senateurs.
Back to the Top